 Dungeon Crawl Stone Soup version 0.25-a0-780-g622e69b31f (webtiles) character file.

Game seed: 10719005086811627171, levelgen mode: deterministic

19 MisterFreud the Insei (level 2, -1/18 HPs)
             Began as an Octopode Transmuter on Apr 14, 2020.
             Slain by a hobgoblin
             ... wielding a +0 spear
              (2 damage)
             ... on level 1 of the Dungeon.
             The game lasted 00:01:51 (675 turns).

MisterFreud the Insei (Octopode Transmuter)          Turns: 675, Time: 00:01:52

Health: -1/18      AC:  1    Str:  9    XL:     2   Next: 75%
Magic:  3/5        EV: 13    Int: 15    God:
Gold:   11         SH:  0    Dex: 12    Spells: 2/5 levels left

rFire    . . .     SeeInvis .     - Unarmed
rCold    . . .     Gourm    .   (no shield)
rNeg     . . .     Faith    .   (helmet restricted)
rPois    .         Spirit   .   (no amulet)
rElec    .         Reflect  .   (no ring)
rCorr    .         Harm     .   (no ring)
MR       .....                  (no ring)
Stlth    ++........             (no ring)
HPRegen  0.06/turn              (no ring)
MPRegen  0.09/turn              (no ring)
                                (no ring)
                                (no ring)

@: no status effects
A: almost no armour, stealthy swim, amphibious, 8 rings, constrict 8, camouflage
1, gelatinous body 1
a: no special abilities


You were on level 1 of the Dungeon.
You were not hungry.

You visited 1 branch of the dungeon, and saw 1 of its levels.

You collected 11 gold pieces.

Inventory:

Missiles
 a - 11 arrows
 b - 24 stones (quivered)
Potions
 d - a potion of mutation {unknown}
Comestibles
 c - a ration
 f - 7 chunks of flesh


   Skills:
 - Level 1.0 Fighting
 - Level 2.0 Dodging
 - Level 3.0 Unarmed Combat
 + Level 2.3 Spellcasting
 * Level 2.9 Transmutations


You had 2 spell levels left.
You knew the following spells:

 Your Spells              Type           Power        Failure   Level  Hunger
a - Beastly Appendage     Tmut           ##....       7%          1    #......
b - Sticks to Snakes      Tmut           ##......     10%         2    ###....

Your spell library contained the following spells:

 Spells                   Type           Power        Failure   Level  Hunger
 Spider Form              Tmut/Pois      #.........   34%         3    ###....
 Ice Form                 Ice/Tmut       #.......     75%         4    #####..
 Blade Hands              Tmut           ##........   88%         5    ######.


Dungeon Overview and Level Annotations

Branches:
Dungeon (1/15)

Altars:


Innate Abilities, Weirdness & Mutations

You cannot wear most types of armour.
You are very stealthy in the water. (Stealth+)
You are amphibious.
You can wear up to eight rings at the same time.
You can use your tentacles to constrict eight enemies at once.
Your skin changes colour to match your surroundings (Stealth+).
Your rubbery body absorbs attacks. (AC +1, EV +1)


Message History

The bat moves out of view.
The bat hits you.
Your tentacle spike disappears.
The giant cockroach waves its antennae.
Found a scroll labeled QUSTUO IPPEULO.
You see here a scroll labeled QUSTUO IPPEULO.
You tentacle-slap the rat.
You kill the rat!
The hobgoblin throws a stone.
The stone closely misses you.
The hobgoblin throws a stone.
The stone hits you but does no damage.
You see here a stone.
Casting: Beastly Appendage (safe; 7% risk of failure)
Confirm with . or Enter, or press ? or * to list all spells.
You create a snake!
You now have 11 arrows.
The hobgoblin throws a stone.
The stone hits your ball python.
You swap places.
The hobgoblin hits you from afar with a +0 spear!
* * * LOW HITPOINT WARNING * * *
The hobgoblin hits you from afar with a +0 spear.
You die...

#.# #g#
.. #.#
#b#.###
#g#
#.l...#
#b#
#s#K#.#
#g#
..l...
#.#
##.#.#.#
#(#
#.....#
#####g#
..# ###
#@.gb(#
...
#.#####
..# #S#
#....#
#......
##...###
##...
#####


You could see 2 hobgoblins, a bat and a friendly ball python.

Vanquished Creatures
  A gnoll (D:1)
  A giant cockroach (D:1)
  A hobgoblin (D:1)
  2 bats (D:1)
  4 kobolds (D:1)
  4 rats (D:1)
13 creatures vanquished.

Notes
Turn   | Place    | Note
-------+----------+-------------------------------------------
     0 | D:1      | MisterFreud the Octopode Transmuter began the quest for the
                  | Orb.
     0 | D:1      | Reached XP level 1. HP: 13/13 MP: 3/3
   601 | D:1      | Reached XP level 2. HP: 18/18 MP: 3/5
   608 | D:1      | Learned a level 2 spell: Sticks to Snakes
   675 | D:1      | Slain by a hobgoblin

Levels and vault maps discovered:
D:1:      eino_arrival_cavern_b, layout_loops_ring, chequers_mini_garden,
          minmay_crystal_room

Action                   || total
-------------------------++-------
Melee: Unarmed           ||    28
       Constrict         ||    10
       Kick              ||     5
       Tentacles         ||     2
 Cast: Beastly Appendage ||     6
       Sticks to Snakes  ||     1
 Stab: Distracted        ||     1
Armor: Skin              ||     2
Dodge: Dodged            ||    20

Table legend:
 A = Non-vault XP
 B = Vault XP
 C = Vault XP percentage of total XP
 D = Non-vault monster count
 E = Vault monster count
 F = Vault count percentage of total count
                 A         B        C        D         E       F
            +---------+---------+-------+---------+---------+-------
      Total |      28 |       0 |   0.0 |      13 |       0 |   0.0
            +---------+---------+-------+---------+---------+-------
        D:1 |      28 |       0 |   0.0 |      13 |       0 |   0.0
            +---------+---------+-------+---------+---------+-------
